 Dungeon Crawl Stone Soup version 0.29-a0-409-gd843f3a48c (webtiles) character file.

Game seed: 2125722630300904107

32 happo123 the Digger (level 3, 19/19 HPs)
             Began as a Gargoyle Earth Elementalist on May 13, 2022.
             Quit the game on level 1 of the Dungeon.
             The game lasted 00:03:20 (1040 turns).

happo123 the Digger (Gargoyle Earth Elementalist)   Turns: 1040, Time: 00:03:20

Health: 19/19      AC:  6    Str: 11    XL:     3   Next: 25%
Magic:  6/6        EV: 11    Int: 17    God:
Gold:   7          SH:  0    Dex: 10    Spells: 5/6 levels left

rFire   . . .      SeeInvis .   (no weapon)
rCold   . . .      Faith    .   (no shield)
rNeg    + . .      Spirit   .   i - +0 leather armour
rPois   ∞          Reflect  .   (no helmet)
rElec   +          Harm     .   (no cloak)
rCorr   +          Rampage  .   (no gloves)
Will    .....                   (no boots)
Stlth   ++........              (no amulet)
HPRegen 0.06/turn               f - ring of resist corrosion
MPRegen 0.10/turn               (no ring)

@: no status effects
A: sickness immunity, AC +3, negative energy resistance 1, electricity
resistance, torment resistance 1, petrification resistance
a: no special abilities


You were on level 1 of the Dungeon.
You visited 1 branch of the dungeon, and saw 1 of its levels.

You collected 7 gold pieces.

Inventory:

Missiles
 a - 2 stones
Armour
 b - a +0 robe
 i - a +0 leather armour (worn)
Jewellery
 f - a ring of resist corrosion (left hand)
Scrolls
 g - a scroll of identify {unknown}
 j - a scroll of immolation {unknown}
Potions
 c - a potion of magic
 d - 2 potions of heal wounds {unknown}
 e - 3 potions of curing {unknown}
 h - a potion of lignification {unknown}
 k - a potion of flight {unknown}


   Skills:
 + Level 0.2 Fighting
 + Level 0.3 Armour
 + Level 1.6 Dodging
 + Level 2.1 Stealth
 + Level 0.6 Unarmed Combat
 + Level 2.2 Spellcasting
 + Level 0.7 Transmutations
 + Level 4.6 Earth Magic


You had 5 spell levels left.
You knew the following spells:

 Your Spells              Type           Power      Damage    Failure   Level
a - Sandblast             Erth           34%        2d9       3%          1

Your spell library contained the following spells:

 Spells                   Type           Power      Damage    Failure   Level
 Passwall                 Tmut/Erth      9%         N/A       13%         2
 Stone Arrow              Conj/Erth      18%        3d8       28%         3
 Petrify                  Tmut/Erth      11%        N/A       63%         4


Dungeon Overview and Level Annotations

Branches:
Dungeon (1/15)

Altars:


Innate Abilities, Weirdness & Mutations

You are immune to sickness and miasma.
Your stone body is resilient. (AC +3)
You are immune to poison.
You resist negative energy. (rN+)
You are resistant to electric shocks. (rElec)
You are resistant to unholy torment.
You are immune to petrification.


Message History

You completely miss the rat. The rat barely misses you.
You closely miss the rat.
The rat twitches its whiskers.
The rat completely misses you.
You closely miss the rat. The rat bites you but does no damage.
You closely miss the rat. You punch the rat, but do no damage.
The rat bites you but does no damage.
You barely miss the rat. The rat bites you but does no damage.
You hit the rat but do no damage. You punch the rat.
The rat is severely wounded.
The rat misses you.
You hit the rat.
You kill the rat!
Found a mace.
Found a stone staircase leading down.
You see here a +0 mace.
A hobgoblin comes into view.
The helpless hobgoblin fails to defend itself.
You hit the hobgoblin but do no damage.
The hobgoblin hits you but does no damage.
You hit the hobgoblin.
The hobgoblin is severely wounded.
The hobgoblin barely misses you.
You hit the hobgoblin.
The hobgoblin is almost dead.
The hobgoblin closely misses you.
You hit the hobgoblin but do no damage.
The hobgoblin is almost dead.
The hobgoblin barely misses you.
You hit the hobgoblin but do no damage.
The hobgoblin is almost dead.
The hobgoblin closely misses you.
You barely miss the hobgoblin.
The hobgoblin is almost dead.
The hobgoblin hits you but does no damage.
You hit the hobgoblin.
You kill the hobgoblin!
You see here a hobgoblin corpse.
You now have 7 gold pieces (gained 2).
Done exploring.
Are you sure you want to abandon this character and quit the game? (Confirm with "yes".)

#.#......#..
####.#.....#...
###....###.#.#...
#............#...
#.#.######.#.#...
#.#....###.#.#...
#.##.....#....#..
#####.####.#.####..#.
#...@......#....#.#.#
#.###.#########...##.
#.###)###############
#....>...............
#####.#.......#######
#......)....# #
#.####..†...#
#.####......#
#.........).##


There were no monsters in sight!

Vanquished Creatures
  A dart slug (D:1)
  2 ball pythons (D:1)
  2 endoplasms (D:1)
  3 goblins (D:1)
  2 hobgoblins (D:1)
  3 jackals (D:1)
  4 quokkas (D:1)
  A bat (D:1)
  A frilled lizard (D:1)
  3 kobolds (D:1)
  4 rats (D:1)
26 creatures vanquished.

Notes
Turn   | Place    | Note
-------+----------+-------------------------------------------
     0 | D:1      | happo123 the Gargoyle Earth Elementalist began the quest
                  | for the Orb.
     0 | D:1      | Reached XP level 1. HP: 10/10 MP: 3/3
   101 | D:1      | Reached skill level 4 in Earth Magic
   140 | D:1      | Reached XP level 2. HP: 13/15 MP: 1/5
   327 | D:1      | Found a faded altar of an unknown god.
   688 | D:1      | Reached XP level 3. HP: 19/19 MP: 4/6
  1040 | D:1      | Quit the game

Illustrated notes

Levels and vault maps discovered:
D:1:      lemuel_arrival_funnel, layout_basic,
          shapermc_ecumenical_altar_starsandcircs, hangedman_glass_teeth,
          minmay_misc_feat_x, nrook_mini_vaults

Skill      XL: |  1 |
---------------+----+-----
Earth Magic    | 4 |  4.6
Fighting       | |  0.2
Armour         | |  0.3
Dodging        | |  1.6
Stealth        | |  2.1
Unarmed Combat | |  0.6
Spellcasting   | |  2.2
Transmutations | |  0.7

Action                   || total
-------------------------++-------
Melee: Unarmed           ||    29
       Punch             ||     3
 Cast: Sandblast         ||    28
 Stab: Sleeping          ||     1
Armor: Leather armour    ||     6
       Robe              ||     1
Dodge: Dodged            ||    19

Table legend: (Time is in decaauts)
 A = Elapsed time spent in this place.
 B = Non-inter-level travel time spent in this place.
 C = Inter-level travel time spent in this place.
 D = Time resting spent in this place.
 E = Time spent auto-exploring this place.
 F = Levels seen in this place.
 G = Mean time per level.
                   A        B        C        D        E       F      G
               +--------+--------+--------+--------+--------+-----+--------+
         Total |   1039 |    978 |     61 |    113 |    707 |   1 | 1039.0 |
       Dungeon |   1039 |    978 |     61 |    113 |    707 |   1 | 1039.0 |
               +--------+--------+--------+--------+--------+-----+--------+

Top non-repeatable levels by time:
     D:1: 1039 daAuts
